Map: Base du roi Sejong EC

Players

zidar

  • Race: Zerg Zerg
  • League: Gold
  • Spawn Location: 5:00

BoGar - Winner!

  • Race: Terran Terran
  • League: Gold
  • Spawn Location: 11:00

VOD

Have the link to the VOD?

Description

Time

  • Played on: June 16, 2016, 3:23 p.m.
  • Length: 9:16
Show
View Real Time Build Order
Export as new Build Order

zidar Zerg 

Build Orders: Hatch First 

Get SALT Encoding   

  12  0:01  Drone  
  13  0:12  Overlord  
  13  0:17  Drone  
  14  0:30  Drone x2  
  14  0:34  Drone  
  17  0:53  Hatchery  
  17  0:56  Drone  
  17  1:00  Extractor  
  17  1:02  Drone  
  17  1:17  Spawning Pool  
  16  1:22  Drone  
  16  1:25  Drone  
  18  1:33  Overlord  
  18  1:59  Drone  
  19  2:05  Queen  
  19  2:06  Queen  
  19  2:08  Zergling x2  
  23  2:17  Zergling x2  
  23  2:18  Zergling x2  
  25  2:30  Metabolic Boost  
  25  2:38  Drone x3  
  25  2:39  Baneling Nest  
  27  2:52  Drone x3  
  30  2:59  Pneumatized Carapace  
  30  3:04  Drone  
  31  3:06  Drone  
  32  3:25  Hatchery  
  31  3:30  Drone x2  
  33  3:46  Lair  
  33  3:47  Drone  
  33  3:48  Drone x2  
  36  3:51  Overlord  
  36  3:59  Baneling x2  
  36  4:08  Overlord x2  
  36  4:09  Queen  
  38  4:12  Drone  
  38  4:13  Drone  
  40  4:28  Drone x6  
  46  4:38  Extractor  
  46  4:41  Drone x7  
  52  4:57  Drone  
  53  5:10  Extractor  
  53  5:12  Extractor  
  51  5:19  Drone x11  
  62  5:48  Spire  
  61  5:55  Zergling x10  
  61  5:56  Evolution Chamber  
  65  5:58  Evolution Chamber, Baneling x4  
  65  6:00  Centrifical Hooks  
  64  6:14  Spore Crawler x2  
  62  6:20  Spore Crawler  
  62  6:22  Spore Crawler  
  60  6:31  Spore Crawler  
  60  6:32  Spore Crawler  
  58  6:38  Drone x8  
  66  6:42  Overlord x5  
  66  6:43  Overlord  
  59  7:03  Drone x3  
  59  7:06  Drone x7  
  69  7:23  Zergling x6  
  69  7:24  Zergling x6  
  75  7:40  Extractor  
  75  7:43  Extractor, Drone  
  75  7:44  Drone x7  
  81  7:57  Baneling x6  
  81  7:59  Zergling x12  
  87  8:13  Zergling x6  
  87  8:14  Zergling x10  
  95  8:20  Baneling x4  
  95  8:33  Baneling x4  
  95  8:34  Baneling  
  77  8:46  Zergling x6  
  77  8:47  Zergling x18  
Show
View Real Time Build Order
Export as new Build Order

BoGar Terran - Winner!

Build Orders:  

Get SALT Encoding   

  12  0:01  SCV  
  13  0:13  SCV  
  14  0:20  Supply Depot  
  14  0:25  SCV  
  15  0:41  SCV  
  16  0:43  Barracks  
  16  0:50  Refinery  
  16  0:53  SCV  
  17  1:05  SCV  
  18  1:18  SCV  
  19  1:29  Marine  
  19  1:30  Orbital Command  
  20  1:48  Command Center  
  20  1:51  Marine  
  21  1:59  SCV  
  22  2:05  Factory  
  22  2:14  Marine  
  23  2:23  Refinery  
  23  2:34  Supply Depot  
  23  2:39  SCV  
  23  2:49  Factory Tech Lab  
  23  2:52  Starport  
  23  2:55  Marine, SCV  
  25  3:04  SCV  
  26  3:08  SCV  
  27  3:13  Marine, Supply Depot  
  27  3:17  SCV  
  27  3:18  Siege Tank  
  32  3:20  SCV  
  33  3:29  SCV, Medivac  
  33  3:31  Marine  
  33  3:32  SCV  
  38  3:41  SCV  
  39  3:42  Barracks  
  39  3:44  SCV  
  40  3:49  Marine  
  40  3:51  Siege Tank  
  40  3:54  SCV  
  45  4:01  Supply Depot  
  45  4:06  SCV  
  46  4:14  Starport Reactor  
  46  4:15  Marine  
  47  4:24  Orbital Command  
  47  4:25  SCV  
  47  4:28  Refinery  
  47  4:30  Refinery  
  48  4:33  Marine  
  48  4:34  Barracks Tech Lab  
  48  4:35  Supply Depot  
  48  4:37  SCV  
  50  4:41  Barracks  
  50  4:43  Siege Tank  
  53  4:49  Liberator, SCV  
  53  4:50  Marine  
  55  4:54  Stimpack  
  55  4:55  SCV  
  56  5:02  SCV  
  60  5:08  SCV  
  60  5:13  Engineering Bay  
  62  5:14  SCV  
  62  5:16  Marine x2  
  62  5:19  Siege Tank  
  67  5:24  Supply Depot  
  67  5:34  Marine  
  68  5:37  Liberator  
  68  5:46  Terran Infantry Weapons Level 1  
  68  5:49  Marine  
  70  5:52  Marine  
  70  5:56  Medivac  
  76  6:03  Barracks Tech Lab  
  75  6:07  Marine, Missile Turret  
  76  6:11  Missile Turret  
  76  6:13  Marine  
  76  6:15  Missile Turret  
  77  6:24  Marine  
  78  6:34  Supply Depot  
  78  6:39  Combat Shield  
  78  6:49  Supply Depot  
  78  6:50  Supply Depot  
  78  6:52  Missile Turret  
  78  6:55  Marine x3, Siege Tank, Medivac  
  78  6:58  Supply Depot  
  86  7:11  SCV x2, Medivac  
  86  7:13  Marine x2  
  86  7:14  Marauder  
  94  7:39  Marine x2, Marauder  
  94  7:40  Siege Tank, Medivac  
  94  7:41  Medivac  
  105  7:49  Concussive Shells  
  105  7:54  Command Center  
  105  7:56  Marine  
  105  7:57  Marauder  
  105  7:58  Supply Depot  
  108  8:00  Supply Depot  
  108  8:01  Marauder  
  110  8:19  Marine x2  
  112  8:21  Marine  
  113  8:37  Marauder  
  113  8:39  Marine  
  113  8:40  Marauder  
  101  8:56  Marine  
Tags
 
Add a new tag
Caveats
  • Supply blocks, unpowered buildings, or Contaminate may cause inaccurate times.
  • Supply counts are checked every 10 seconds.